 Dungeon Crawl Stone Soup version 0.25.0 (webtiles) character file.

Game seed: 11942610467878008171

72588 Froggeryz the Bludgeoner (level 15, -10/96 HPs)
             Began as a Gargoyle Gladiator on June 12, 2020.
             Was the Champion of Okawaru.
             Hit by a large rock thrown by a cyclops (26 damage)
             ... on level 1 of the Shoals.
             The game lasted 00:48:16 (25779 turns).

Froggeryz the Bludgeoner (Gargoyle Gladiator)      Turns: 25779, Time: 00:48:17

Health: -10/96     AC: 39    Str: 25    XL:     15   Next: 40%
Magic:  16/16      EV: 11    Int: 10    God:    Okawaru [******]
Gold:   142        SH: 13    Dex: 12    Spells: 12/14 levels left

rFire    + + +     SeeInvis .   S - +6 demon whip (elec)
rCold    + + .     Gourm    .   T - +1 buckler of Sufficient Beauty {rF+ Stlth+}
rNeg     + + .     Faith    .   N - +4 scale mail {rN+}
rPois    ∞         Spirit   .   v - +2 hat {MR+}
rElec    +         Reflect  +   n - scarf {rC+ rF+}
rCorr    .         Harm     .   F - +0 pair of gloves "Ymotutot" {rF+ rC+ Str+3}
MR       +++..                  K - +2 pair of boots of the Earth {MR+}
Stlth    +.........             R - amulet of reflection
HPRegen  0.26/turn              a - +4 ring of protection
MPRegen  0.15/turn              h - +4 ring of protection

@: flying
A: big wings, negative energy resistance 1, electricity resistance, unbreathing,
petrification resistance, rot immunity, AC +11
a: Stop Flying, Heroism, Finesse, Renounce Religion


You were on level 1 of the Shoals.
You worshipped Okawaru.
Okawaru was exalted by your worship.
You were not hungry.

You visited 5 branches of the dungeon, and saw 21 of its levels.
You also visited: Gauntlet.

You collected 2152 gold pieces.
You spent 2010 gold pieces at shops.

Inventory:

Hand Weapons
 c - a +2 flail of protection
 S - a +6 demon whip of electrocution (weapon)
Missiles
 d - 5 throwing nets (quivered)
 t - 17 silver javelins
 A - 9 curare-tipped darts
Armour
 n - a scarf of resistance (worn)
 r - a +1 pair of boots of running
 v - a +2 hat of magic resistance (worn)
 F - the +0 pair of gloves "Ymotutot" (worn) {rF+ rC+ Str+3}
   (You bought it in a shop on level 2 of the Orcish Mines)

   It affects your strength (+3).
   It protects you from fire.
   It protects you from cold.
 J - the +1 chain mail "Varol" {-Tele rC++ Dex+2 SInv}
   (You took it off a minotaur in a Gauntlet)

   It affects your dexterity (+2).
   It greatly protects you from cold.
   It lets you see invisible.
   It prevents most forms of teleportation.
 K - the +2 pair of boots of the Earth (worn) {MR+}
   (Okawaru gifted it to you on level 9 of the Dungeon)

   It affects your resistance to hostile enchantments.
 N - a +4 scale mail of positive energy (worn)
 O - the +0 pair of gloves of Sorcery {rF+++ rN+ Str-5 SInv}
   (You found it in a Gauntlet)

   It affects your strength (-5).
   It renders you almost immune to fire.
   It protects you from negative energy.
   It lets you see invisible.
 T - the +1 buckler of Sufficient Beauty (worn) {rF+ Stlth+}
   (Okawaru gifted it to you on level 2 of the Lair of Beasts)

   It protects you from fire.
   It makes you more stealthy.
 V - the cursed +1 scale mail of Xeamosos {rElec rPois rCorr, unknown}
   (You found it on level 1 of the Shoals)

   It insulates you from electricity.
   It protects you from poison.
   It provides partial protection from all sources of acid and corrosion.
   It has a curse placed upon it.
 W - a scarf of repulsion
Jewellery
 a - a +4 ring of protection (left hand)
 b - an uncursed ring of see invisible
 h - a +4 ring of protection (right hand)
 m - an uncursed ring of positive energy
 p - an uncursed amulet of guardian spirit
 u - an uncursed ring of protection from magic
 x - an uncursed ring of protection from fire
 E - an uncursed ring of resist corrosion
 R - an amulet of reflection (around neck)
Wands
 i - a wand of random effects (22)
 o - a wand of iceblast (9)
 s - a wand of flame (40)
 G - a wand of digging (11)
 I - a wand of polymorph (22)
 U - a wand of disintegration (20)
 X - a wand of enslavement (6)
Scrolls
 e - a scroll of fear
 g - 4 scrolls of magic mapping
 q - 5 scrolls of remove curse
 y - 2 scrolls of enchant armour
 z - 11 scrolls of teleportation
 D - 2 scrolls of brand weapon
 L - 4 scrolls of blinking
 Q - 3 scrolls of fog
Potions
 k - a potion of might
 l - 5 potions of mutation
 w - 3 potions of cancellation
 B - 2 potions of lignification
 C - 2 potions of haste {unknown}
 H - a potion of curing
 M - a potion of invisibility {unknown}
 P - a potion of ambrosia {unknown}
Comestibles
 f - 36 rations


   Skills:
 + Level 11.8 Fighting
 - Level 18.4 Maces & Flails
 - Level 1.7 Throwing
 + Level 10.6 Armour
 - Level 2.4 Dodging
 + Level 12.6 Shields
 - Level 2.0 Invocations


You had 12 spell levels left.
You knew the following spells:

 Your Spells              Type           Power        Failure   Level  Hunger
a - Blink                 Tloc           N/A          75%         2    ###....

Your spell library contained the following spells:

 Spells                   Type           Power        Failure   Level  Hunger
 Animate Skeleton         Necr           N/A          58%         1    ##.....
 Apportation              Tloc           #.....       58%         1    ##.....
 Beastly Appendage        Tmut           #.....       58%         1    ##.....
 Corona                   Hex            #......      58%         1    ##.....
 Magic Dart               Conj           #...         58%         1    ##.....
 Summon Small Mammal      Summ           #...         58%         1    ##.....
 Call Imp                 Summ           #.......     75%         2    ###....
 Ensorcelled Hibernation  Hex/Ice        #.....       75%         2    ###....
 Shroud of Golubria       Chrm/Tloc      #.....       75%         2    ###....
 Slow                     Hex            #.......     75%         2    ###....
 Sticks to Snakes         Tmut           #.......     75%         2    ###....
 Call Canine Familiar     Summ           #.......     92%         3    ####...
 Confusing Touch          Hex            #.......     92%         3    ####...
 Conjure Flame            Conj/Fire      #.......     92%         3    ####...
 Dazzling Flash           Conj/Hex       #.....       92%         3    ####...
 Gell's Gravitas          Tloc           #.........   92%         3    ####...
 Lesser Beckoning         Tloc           #.........   92%         3    ####...
 Mephitic Cloud           Conj/Pois/Air  #.......     92%         3    ####...
 Spider Form              Tmut/Pois      #.........   92%         3    ####...
 Summon Guardian Golem    Hex/Summ       #.......     92%         3    ####...
 Teleport Other           Tloc           #.......     92%         3    ####...
 Tukima's Dance           Hex            #.......     92%         3    ####...
 Ice Form                 Ice/Tmut       #.......     100%        4    #####..
 Passage of Golubria      Tloc           N/A          100%        4    #####..
 Summon Ice Beast         Ice/Summ       #.......     100%        4    #####..
 Summon Lightning Spire   Summ/Air       #.......     100%        4    #####..
 Blade Hands              Tmut           #.........   100%        5    ######.


Dungeon Overview and Level Annotations

Branches:
Dungeon (12/15)            Temple (1/1) D:4            Lair (5/6) D:9
 Shoals (1/4) Lair:3        Snake (0/4) Lair:3        Slime (0/5) Lair:5
    Orc (2/2) D:11            Elf (0/3) Orc:2       Gauntlet (visited)

Altars:
Cheibriados
Fedhas
Okawaru
Qazlal
Trog
Zin
The Shining One
Beogh
Jiyva

Shops:
D:9 :   Orc:2 }*[((

Annotations:
D:11 1 runed translucent door
Lair:2 exclusion: door
Lair:3 exclusion: oklob plant


Innate Abilities, Weirdness & Mutations

You are resistant to torment.
Your stone body is resilient. (AC +11)
You are immune to poison.
Your large and strong wings let you fly indefinitely.
You resist negative energy. (rN+)
You are resistant to electric shocks. (rElec)
You can survive without breathing.
You are immune to petrification.
You are immune to rotting.


Message History

Something hits the plant.
The cyclops hits the plant!
The cyclops throws a large rock.
The large rock hits you but does no damage.
You see here a large rock.
The cyclops throws a large rock.
The large rock hits you.
* * * LOW HITPOINT WARNING * * *
You see here a large rock.
Okay, then.
Unknown command.
Okay, then.
The cyclops throws a large rock.
The large rock hits you!
* * * LOW HITPOINT WARNING * * *
You see here 2 large rocks.
As you read the scroll of fear, it crumbles to dust.
You assume a fearsome visage.
The cyclops looks frightened! x2
The cyclops throws a large rock.
The large rock hits you but does no damage.
You see here a large rock.
The cyclops throws a large rock.
The large rock hits you!!
You die...

≈≈≈≈≈≈≈≈≈≈≈≈≈≈≈≈≈
≈≈≈≈≈≈≈≈≈≈≈≈≈≈≈≈≈≈≈≈≈
≈≈≈≈≈≈≈≈≈≈≈≈≈≈≈≈≈≈≈≈≈≈
≈≈≈≈≈≈≈≈≈≈≈≈≈≈≈≈≈≈≈≈PP
≈≈≈≈≈≈≈≈≈≈≈≈≈≈≈≈≈≈.≈≈≈≈
≈≈≈≈≈≈≈≈≈≈≈≈≈≈≈≈≈≈≈≈≈≈.....P..
≈≈≈≈≈≈≈.≈≈≈≈≈≈≈.≈≈≈..)......P.
.≈≈≈≈≈..≈≈≈..≈.....).......[..
..≈≈≈≈.≈≈≈......@(.............
..≈≈.≈..≈≈......##(............
#..≈....≈.......##............≈
#.≈)...≈.......###............≈
....≈≈....≈.C..###(...........≈
.....≈........###....P.P.P....≈
............#.# ##.().(#≈PP.≈≈≈
≈...##........###..(###(#≈≈P
≈≈. #............P#.C()≈#


You could see a cyclops.

Vanquished Creatures
  Jorgrun (Orc:1)
  Gastronok (Orc:1)
  2 orc warlords (Orc:1)
  The ghost of Tadotz the Fighter, a journeyman DsAK of Lugonu (Orc:2)
  2 minotaurs
  Snorg (Orc:1)
  Josephine (D:11)
  7 hydras
  2 alligator snapping turtles (Shoals:1)
  4 two-headed ogres
  14 death yaks
  2 orc high priests (Orc:2)
  A thrashing horror (Gauntlet)
  Nergalle (Lair:2)
  An unseen horror (D:11)
  Pikel (D:4)
  4 orc sorcerers
  2 orc knights
  2 fauns (Shoals:1)
  4 cyclopes
  2 manticores
  Maurice (D:8)
  8 elephants
  2 merfolk sirens (Shoals:1)
  A guardian serpent (Lair:3)
  6 black mambas
  Joseph (D:8)
  Maggie (D:8)
  7 spiny frogs
  A yaktaur (D:11)
  6 komodo dragons
  A kobold demonologist (D:11)
  A rime drake (Lair:5)
  2 merfolk (Shoals:1)
  13 trolls
  2 polar bears (Lair:5)
  A hornet (D:9)
  2 slime creatures (D:11)
  A snapping turtle (Shoals:1)
  5 blink frogs
  10 hippogriffs
  5 dream sheep (Lair:5)
  6 flying skulls (Gauntlet)
  A shadow (D:11)
  2 wyverns (D:11)
  4 wraiths
  2 water elementals (Shoals:1)
  26 yaks
  3 basilisks
  Grum (D:8)
  A steam dragon (D:11)
  2 wargs (Orc:2)
  A soldier ant (D:10)
  6 porcupines
  10 water moccasins
  30 orc warriors
  3 sky beasts
  2 black bears
  An ice beast (D:6)
  2 phantoms
  11 ogres
  6 centaurs
  4 wolves
  7 crocodiles
  3 big kobolds
  10 bullfrogs
  A hornet simulacrum (Gauntlet)
  3 scorpions
  A killer bee (D:11)
  5 wights (D:8)
  4 howler monkeys
  5 crimson imps
  5 jellies
  4 bullfrog zombies
  4 centaur zombies
  5 hounds
  2 centaur skeletons
  2 small abominations (Gauntlet)
  A gnoll shaman (D:5)
  30 orc priests
  27 orc wizards
  4 bullfrog skeletons
  5 iguanas
  7 hell rats
  6 worker ants
  A bullfrog simulacrum (Gauntlet)
  2 centaur simulacra (Gauntlet)
  A hound zombie (D:11)
  A hound skeleton (D:11)
  2 howler monkey zombies
  2 worker ant zombies
  6 gnolls
  14 adders
  2 shadow imps (D:11)
  4 oozes
  2 adder zombies (D:7)
  2 adder skeletons (D:9)
  A dart slug (D:1)
  6 leopard geckos
  104 orcs
  2 ball pythons
  6 giant cockroaches
  4 goblins
  6 hobgoblins
  6 jackals
  21 kobolds
  2 quokkas
  9 bats
  4 frilled lizards
  A leopard gecko skeleton (D:5)
  3 quokka skeletons
  5 rats
  A plant (Lair:1)
618 creatures vanquished.

Vanquished Creatures (collateral kills)
  An orc priest (Orc:1)
1 creature vanquished.

Vanquished Creatures (others)
  Sonja (Orc:2)
  An orc sorcerer (Orc:1)
  A deep elf mage (D:11)
  A warg (Orc:1)
  An orc warrior (Orc:1)
  2 slaves (D:5)
  A necrophage (D:5)
  An orc wizard (Orc:1)
  A hound skeleton (D:5)
  A worker ant zombie (D:5)
  A worm (D:5)
  4 orcs
  A giant cockroach (D:5)
  10 fungi
  16 plants
43 creatures vanquished.

Grand Total: 662 creatures vanquished

Notes
Turn   | Place    | Note
-------+----------+-------------------------------------------
     0 | D:1      | Froggeryz the Gargoyle Gladiator began the quest for the
                  | Orb.
     0 | D:1      | Reached XP level 1. HP: 12/12 MP: 1/1
   127 | D:1      | Reached XP level 2. HP: 17/17 MP: 2/2
   270 | D:1      | Reached skill level 4 in Maces & Flails
   273 | D:1      | Reached XP level 3. HP: 18/21 MP: 3/3
  1044 | D:2      | Reached XP level 4. HP: 25/26 MP: 4/4
  1394 | D:3      | Reached skill level 5 in Maces & Flails
  2010 | D:3      | Reached XP level 5. HP: 28/30 MP: 5/5
  2220 | D:4      | Noticed a phantom
  2236 | D:3      | Reached skill level 6 in Maces & Flails
  2339 | D:3      | Killed a phantom
  2339 | D:3      | Reached skill level 7 in Maces & Flails
  2339 | D:3      | Reached XP level 6. HP: 13/35 MP: 6/6
  2732 | D:4      | Reached XP level 7. HP: 40/40 MP: 7/7
  2747 | D:4      | Found an iron altar of Okawaru.
  2754 | D:4      | Became a worshipper of Warmaster Okawaru
  2945 | D:4      | Found a staircase to the Ecumenical Temple.
  2961 | Temple   | Entered the Ecumenical Temple
  3187 | D:5      | Entered Level 5 of the Dungeon
  3193 | D:5      | Reached skill level 8 in Maces & Flails
  3234 | D:5      | Noticed Pikel
  3330 | D:4      | Killed Pikel
  3330 | D:4      | Reached * piety under Okawaru
  3330 | D:4      | Reached ** piety under Okawaru
  3330 | D:4      | Reached skill level 9 in Maces & Flails
  3330 | D:4      | Reached XP level 8. HP: 24/44 MP: 8/8
  3581 | D:5      | Reached skill level 10 in Maces & Flails
  4384 | D:5      | HP: 1/47 [acid (9)]
  4649 | D:5      | Found a blossoming altar of Fedhas.
  4791 | D:5      | Found a stormy altar of Qazlal.
  5150 | D:6      | Reached *** piety under Okawaru
  5213 | D:6      | Reached XP level 9. HP: 46/52 MP: 6/9
  5335 | D:6      | Reached skill level 11 in Maces & Flails
  5675 | D:7      | Reached skill level 5 in Fighting
  5722 | D:7      | Got a transparent ring mail
  5723 | D:7      | Identified the +1 ring mail of the Camelopard {rC- Dex+5
                  | SInv Stlth+} (You found it on level 7 of the Dungeon)
  5875 | D:7      | Found a stormy altar of Qazlal.
  6004 | D:7      | Reached skill level 1 in Armour
  6747 | D:7      | Reached **** piety under Okawaru
  6747 | D:7      | Reached skill level 12 in Maces & Flails
  6932 | D:8      | Noticed a two-headed ogre
  6947 | D:8      | Killed a two-headed ogre
  6947 | D:8      | Reached XP level 10. HP: 59/59 MP: 10/10
  7126 | D:8      | Noticed Maurice
  7143 | D:8      | Killed Maurice
  7143 | D:8      | Reached skill level 13 in Maces & Flails
  7143 | D:8      | Reached skill level 5 in Armour
  7255 | D:8      | Noticed Maggie
  7285 | D:8      | Killed Maggie
  7423 | D:7      | Received a gift from Okawaru
  7486 | D:8      | Noticed Grum
  7486 | D:8      | Noticed Joseph
  7628 | D:8      | Killed Joseph
  7628 | D:8      | Reached ***** piety under Okawaru
  7642 | D:8      | Killed Grum
  7839 | D:9      | Received a gift from Okawaru
  7840 | D:9      | Got a pair of ichor-stained boots {god gift}
  7851 | D:9      | Identified the +2 pair of boots of the Earth {MR+} (Okawaru
                  | gifted it to you on level 9 of the Dungeon)
  8331 | D:9      | Found a staircase to the Lair.
  8465 | D:9      | Reached skill level 14 in Maces & Flails
  8499 | D:9      | Found Veon's Book Emporium.
  8817 | D:9      | Reached XP level 11. HP: 62/63 MP: 11/11
  9054 | D:10     | Entered Level 10 of the Dungeon
  9358 | D:10     | Reached skill level 1 in Invocations
  9751 | Lair:1   | Entered Level 1 of the Lair of Beasts
 11139 | Lair:2   | Noticed Nergalle
 11172 | Lair:2   | Noticed a spectral orc warlord
 11182 | Lair:2   | Killed Nergalle
 11182 | Lair:2   | Reached skill level 15 in Maces & Flails
 11185 | Lair:2   | Noticed an eight-headed hydra
 11425 | Lair:2   | Got a warped war axe
 11426 | Lair:2   | Identified the +5 war axe of Uskayaw's Displeasure {vorpal,
                  | Dex+5} (You found it on level 2 of the Lair of Beasts)
 11559 | Lair:2   | Noticed a six-headed hydra
 11748 | Lair:2   | Killed a six-headed hydra
 11767 | Lair:2   | Killed an eight-headed hydra
 11768 | Lair:2   | Reached XP level 12. HP: 13/72 MP: 4/13
 12077 | Lair:2   | Received a gift from Okawaru
 12078 | Lair:2   | Got an ancient buckler {god gift}
 12084 | Lair:2   | Identified the +1 buckler of Sufficient Beauty {rF+ Stlth+}
                  | (Okawaru gifted it to you on level 2 of the Lair of Beasts)
 12269 | Lair:2   | Reached skill level 1 in Shields
 12434 | Lair:2   | Noticed an eight-headed hydra
 12515 | Lair:2   | Noticed a five-headed hydra
 12561 | Lair:2   | Killed a five-headed hydra
 12561 | Lair:2   | Reached ****** piety under Okawaru
 13121 | Lair:3   | Found a gate leading to a gauntlet.
 13126 | Gauntlet | Entered a Gauntlet
 13126 | Gauntlet | Found a transporter.
 13135 | Gauntlet | Found a transporter.
 13137 | Gauntlet | Found a transporter.
 13139 | Gauntlet | Found a transporter.
 13150 | Gauntlet | Found a transporter.
 13165 | Gauntlet | Found a transporter.
 13170 | Gauntlet | Found a transporter.
 13187 | Gauntlet | Found a transporter.
 13205 | Gauntlet | Found a transporter.
 13217 | Gauntlet | Found a transporter.
 13239 | Gauntlet | Noticed a thrashing horror
 13240 | Gauntlet | Found a transporter.
 13241 | Gauntlet | Noticed a thrashing horror
 13249 | Gauntlet | Noticed a death ooze
 13252 | Gauntlet | Found a transporter.
 13261 | Gauntlet | Noticed a thrashing horror
 13264 | Gauntlet | Found a transporter.
 13281 | Gauntlet | Found a transporter.
 13299 | Gauntlet | Found a transporter.
 13301 | Gauntlet | Found a transporter.
 13303 | Gauntlet | Found a runed translucent gate.
 13303 | Gauntlet | Found a runed translucent gate.
 13303 | Gauntlet | Found a runed translucent gate.
 13304 | Gauntlet | Found a large runed translucent door.
 13304 | Gauntlet | Found a large runed translucent door.
 13304 | Gauntlet | Found a large runed translucent door.
 13304 | Gauntlet | Found a large runed translucent door.
 13309 | Gauntlet | Found a large runed translucent door.
 13309 | Gauntlet | Found a large runed translucent door.
 13311 | Gauntlet | Found a large runed translucent door.
 13311 | Gauntlet | Found a large runed translucent door.
 13313 | Gauntlet | Found a large runed translucent door.
 13313 | Gauntlet | Found a large runed translucent door.
 13313 | Gauntlet | Found a runed translucent door.
 13313 | Gauntlet | Found a runed translucent door.
 13314 | Gauntlet | Found a large runed translucent door.
 13315 | Gauntlet | Found a large runed translucent door.
 13326 | Gauntlet | Found a large runed translucent door.
 13326 | Gauntlet | Found a large runed translucent door.
 13327 | Gauntlet | Found a large runed translucent door.
 13328 | Gauntlet | Found a large runed translucent door.
 13330 | Gauntlet | Found a transporter.
 13332 | Gauntlet | Found a transporter.
 13365 | Gauntlet | Reached skill level 16 in Maces & Flails
 13841 | Gauntlet | Killed a thrashing horror
 13862 | Gauntlet | Got a pair of spiked gloves
 13873 | Gauntlet | Identified the cursed +0 pair of gloves of Sorcery {rF+++
                  | rN+ Str-5 SInv} (You found it in a Gauntlet)
 13895 | Gauntlet | Identified the +5 rapier "Soagoi Fimav" {vorpal, Stlth+}
 13895 | Gauntlet | Identified the cursed +3 arbalest "Pihaun Zautt" {elec, rF+
                  | MR+ Int-2}
 13895 | Gauntlet | Identified the +1 chain mail "Varol" {-Tele rC++ Dex+2
                  | SInv}
 13895 | Gauntlet | Noticed a minotaur
 13942 | Gauntlet | Killed a minotaur
 14202 | Lair:3   | Noticed a four-headed hydra
 14220 | Lair:3   | Killed a four-headed hydra
 14549 | Lair:2   | Reached skill level 5 in Shields
 14991 | Lair:3   | Received a gift from Okawaru
 15509 | Lair:3   | Found a staircase to the Snake Pit.
 15754 | Lair:3   | Found a staircase to the Shoals.
 15778 | Lair:3   | Reached skill level 17 in Maces & Flails
 15778 | Lair:3   | Reached XP level 13. HP: 74/80 MP: 14/14
 16161 | Lair:4   | Learned a level 2 spell: Blink
 16562 | Lair:4   | Received a gift from Okawaru
 17973 | Lair:5   | Found a blossoming altar of Fedhas.
 18060 | Lair:5   | Reached skill level 18 in Maces & Flails
 18335 | Lair:5   | Found a viscous altar of Jiyva.
 18335 | Lair:5   | Found a staircase to the Slime Pits.
 18400 | Lair:5   | Received a gift from Okawaru
 19079 | D:11     | Gained mutation: Your large and strong wings let you fly
                  | indefinitely. [Gargoyle growth]
 19079 | D:11     | Reached XP level 14. HP: 85/86 MP: 15/15
 19099 | D:11     | Noticed Josephine
 19320 | D:10     | Reached skill level 10 in Shields
 19437 | D:11     | Killed Josephine
 19471 | D:11     | Found a runed translucent door.
 19640 | D:11     | Found a staircase to the Orcish Mines.
 19692 | Orc:1    | Entered Level 1 of the Orcish Mines
 19827 | Orc:1    | Noticed Jorgrun
 19849 | Orc:1    | HP: 1/86 [Jorgrun/uncursed staff of earth (7)]
 19854 | Orc:1    | Killed Jorgrun
 19855 | Orc:1    | Noticed Gastronok
 20489 | D:11     | Reached skill level 10 in Fighting
 20816 | D:11     | Received a gift from Okawaru
 21537 | D:11     | Received a gift from Okawaru
 21538 | D:11     | Got a translucent buckler {god gift}
 21696 | Orc:1    | Killed Gastronok
 21715 | Orc:1    | Noticed an orc warlord
 21731 | Orc:1    | Killed an orc warlord
 22034 | Orc:1    | Found a roughly hewn altar of Beogh.
 22352 | Orc:1    | Noticed Snorg
 22370 | Orc:1    | Killed Snorg
 22620 | Orc:1    | Identified the +0 buckler of Forking Paths {+Blink rF-
                  | Int+3 Dex+6} (Okawaru gifted it to you on level 11 of the
                  | Dungeon)
 22665 | Orc:2    | Entered Level 2 of the Orcish Mines
 22666 | Orc:2    | Found Lyup's Gadget Shoppe.
 22852 | Orc:2    | Found a roughly hewn altar of Beogh.
 22877 | Orc:2    | Noticed Sonja
 22899 | Orc:2    | Found a runed translucent gate.
 22900 | Orc:2    | Found a runed translucent gate.
 22900 | Orc:2    | Killed Sonja
 22903 | Orc:2    | Found a runed translucent gate.
 22920 | Orc:2    | Noticed Tadotz's ghost (journeyman DsAK)
 22958 | Orc:2    | Found a roughly hewn altar of Beogh.
 22959 | Orc:2    | Found Nodofore's Assorted Antiques.
 23095 | Orc:2    | Bought a scroll of identify for 48 gold pieces
 23111 | Orc:2    | Found a staircase to the Elven Halls.
 23112 | Orc:2    | Found a roughly hewn altar of Beogh.
 23298 | Orc:2    | Reached XP level 15. HP: 71/94 MP: 16/16
 23709 | Orc:2    | Found a roughly hewn altar of Beogh.
 23849 | Orc:2    | Found a roughly hewn altar of Beogh.
 23989 | Orc:2    | Found a roughly hewn altar of Beogh.
 24058 | Orc:2    | Found Hacis's Weapon Emporium.
 24063 | Orc:2    | Bought a +6 demon whip of electrocution for 834 gold pieces
 24148 | Orc:2    | Noticed an orc warlord
 24421 | Orc:1    | Killed an orc warlord
 24505 | Orc:2    | Reached skill level 10 in Armour
 24640 | Orc:2    | Found Qiluod's Antique Armour Boutique.
 24641 | Orc:2    | Found a roughly hewn altar of Beogh.
 24642 | Orc:2    | Found Juzyx's Antique Weapon Shop.
 24655 | Orc:2    | Bought a transparent plate armour for 672 gold pieces
 24665 | Orc:2    | Identified the +1 plate armour "Vuim" {Dex+3} (You bought
                  | it in a shop on level 2 of the Orcish Mines)
 24678 | Orc:2    | Bought a pair of slimy gloves for 228 gold pieces
 24688 | Orc:2    | Identified the cursed +0 pair of gloves of Misihocs {rPois
                  | Regen+ Int-4} (You bought it in a shop on level 2 of the
                  | Orcish Mines)
 24695 | Orc:2    | Bought a pair of twisted gloves for 228 gold pieces
 24700 | Orc:2    | Identified the +0 pair of gloves "Ymotutot" {rF+ rC+ Str+3}
                  | (You bought it in a shop on level 2 of the Orcish Mines)
 24924 | Orc:2    | Killed Tadotz's ghost
 24942 | Orc:2    | Received a gift from Okawaru
 24964 | Orc:2    | Identified a +1 pair of boots of running (Okawaru gifted it
                  | to you on level 2 of the Orcish Mines)
 25040 | Orc:2    | Got a spiked hat
 25051 | Orc:2    | Identified the cursed -5 hat "Bydyghu" {Harm Str+4 Dex-4}
                  | (You found it on level 2 of the Orcish Mines)
 25246 | Shoals:1 | Entered Level 1 of the Shoals
 25356 | Shoals:1 | Got a transparent scale mail
 25779 | Shoals:1 | Hit by a large rock thrown by a cyclops

Illustrated notes

Levels and vault maps discovered:
D:1:      ncdulo_lavacross, layout_basic, serial_park_tiny_2
D:2:      layout_basic
D:3:      layout_basic
D:4:      wander_river, layout_rooms, minmay_temple_entry_antechambers,
          first_ration, okawaru_gym_becter
D:5:      layout_basic, marbit_many_paths, basic_altar, uniq_pikel
D:6:      layout_basic
D:7:      layout_loops_corners, grunt_ogre_cave, grunt_qazlal_sundering
D:8:      layout_basic, uniq_maggie, uniq_grum, uniq_joseph, uniq_maurice
D:9:      layout_loops_corners, lair_entry_dummy, serial_shops, shop_fountains,
          minmay_misc_feat_chi
D:10:     layout_roguey
D:11:     minmay_the_grid_four_pointed_star_mashed
          [minmay_the_grid_triangle_9x9_skeleton,
          minmay_the_grid_triangle_9x9_semitri,
          minmay_the_grid_triangle_9x9_subtriangle,
          minmay_the_grid_triangle_9x9_intruding_spiral,
          minmay_the_grid_prize_inner_circle], layout_basic, david_orc_2,
          uniq_josephine
D:12:     layout_gridville, minmay_strange_pillars
Temple:   nicolae_temple_the_god_donut
Lair:1:   layout_loops_ring, hibernation_bobbens, grunt_megastairs_1
Lair:2:   layout_cave_shapes, chequers_serial_rivers_large_a,
          minmay_shattered_shrine, serial_bayou_shore_a, uniq_nergalle
Lair:3:   layout_layer_cave, minmay_shoals_entry_beasts,
          minmay_snake_entry_spellcaster, gauntlet_entry_generic,
          lemuel_fruit_tree, grunt_megastairs_2, minmay_lair_oklob_chamber,
          lemuel_fruit_fields
Lair:4:   layout_cave_shapes, lemuel_fruit_fields
Lair:5:   layout_regular_city, slime_altar_1, basic_altar
Shoals:1: layout_shoals, st_cyclops
Orc:1:    layout_diamond_mine, basic_altar, nicolae_orc_pool_cavern,
          uniq_gastronok, uniq_snorg, uniq_jorgrun
Orc:2:    grunt_orc_community_town_hall, layout_caves,
          grunt_orc_community_big_house_1, grunt_orc_community_big_house_2,
          grunt_orc_community_house_2, grunt_orc_community_house_3,
          grunt_orc_community_house_3, grunt_orc_community_house_3,
          grunt_orc_community_house_2, serial_shops, shop,
          maelrawn_ghost_gauntlet_escape, nicolae_orc_lava_tube, uniq_sonja

Skill      XL: |  1  2  3  4  5  6  7  8  9 10 11 12 13 14 15 |
---------------+----------------------------------------------+-----
Maces & Flails | 4 5 7 9 10 12 14 15 17 18 | 18.4
Fighting       | 4 5 7 9 11 | 11.8
Armour         | 4 7 9 10 | 10.6
Invocations    | 2 |  2.0
Shields        | 5 9 11 12 | 12.6
Throwing       | |  1.7
Dodging        | |  2.4

Action                   |  1- 3 |  4- 6 |  7- 9 | 10-12 | 13-15 || total
-------------------------+-------+-------+-------+-------+-------++-------
Melee: Flail             |    49 |       |       |   383 |   516 ||   948
       Whip              |    50 |   127 |   462 |   813 |  1054 ||  2506
       Demon whip        |       |       |       |       |   257 ||   257
Throw: Throwing net      |       |       |     1 |     1 |       ||     2
Invok: Heroism           |       |       |       |     3 |     1 ||     4
 Abil: Fly               |       |       |       |       |     3 ||     3
       Stop Flying       |       |       |       |       |     2 ||     2
Evoke: Wand              |       |     3 |     4 |    26 |    15 ||    48
  Use: Scroll            |     5 |       |     7 |     9 |    13 ||    34
       Potion            |       |       |     2 |     7 |     1 ||    10
 Stab: Confused          |       |     1 |       |     8 |    12 ||    21
       Held in net/web   |       |       |       |     3 |       ||     3
       Distracted        |       |       |       |       |     3 ||     3
  Eat: Chunk             |     1 |     5 |    10 |    18 |    27 ||    61
       Ration            |       |       |     1 |     3 |     2 ||     6
Armor: Leather armour    |    43 |       |       |       |       ||    43
       Scale mail        |    29 |    53 |   154 |   540 |   636 ||  1412
Dodge: Dodged            |    85 |    71 |   160 |   498 |   403 ||  1217
Block: Buckler           |       |       |       |   122 |   739 ||   861
       Reflection        |       |       |       |       |    26 ||    26
